 Dungeon Crawl Stone Soup version 0.29.0-4-gdea44cf6ec (webtiles) character file.

Game seed: 11608455586992971531

9 qw the Chopper (level 2, -1/17 HPs)
             Began as a Tengu Warper on Aug 28, 2022.
             Slain by a hobgoblin
             ... wielding a +0 great mace
              (18 damage)
             ... on level 1 of the Dungeon.
             The game lasted 00:00:01 (231 turns).

qw the Chopper (Tengu Warper)                        Turns: 231, Time: 00:00:01

Health: -1/17      AC:  3    Str: 11    XL:     2   Next: 16%
Magic:  6/6        EV: 11    Int: 13    God:
Gold:   13         SH:  0    Dex: 13    Spells: 5/5 levels left

rFire   . . .      SeeInvis .   a - +0 hand axe
rCold   . . .      Faith    .   (no shield)
rNeg    . . .      Spirit   .   b - +0 leather armour
rPois   .          Reflect  .   (helmet restricted)
rElec   .          Harm     .   (no cloak)
rCorr   .          Rampage  .   (no gloves)
Will    .....                   (boots unavailable)
Stlth   +.........              (no amulet)
HPRegen 0.05/turn               (no ring)
MPRegen 0.10/turn               (no ring)

@: no status effects
A: beak, talons 3
a: no special abilities


You were on level 1 of the Dungeon.
You visited 1 branch of the dungeon, and saw 1 of its levels.

You collected 13 gold pieces.


Innate Abilities, Weirdness & Mutations

You have a beak for a mouth.
You have claws for feet.


   Skills:
 - Level 2.0 Fighting
 + Level 3.1 Axes
 - Level 1.0 Throwing
 - Level 1.1 Armour
 - Level 2.1 Dodging
 - Level 2.0 Spellcasting
 - Level 2.4 Translocations


You had 5 spell levels left.
You didn't know any spells.
Your spell library contained the following spells:

 Spells                   Type           Power      Damage    Failure   Level
 Blink                    Tloc           14%        N/A       19%         2
 Gell's Gravitas          Tloc           7%         N/A       36%         3
 Lesser Beckoning         Tloc           7%         N/A       36%         3
 Teleport Other           Tloc           7%         N/A       36%         3
 Manifold Assault         Tloc           7%         N/A       98%         5

Inventory:

Hand Weapons
 a - a +0 hand axe (weapon)
 h - a +0 club
Armour
 b - a +0 leather armour (worn)
 i - a +0 tower shield
Jewellery
 e - a ring of protection from cold
 g - a +6 ring of strength
Scrolls
 c - a scroll of blinking
 f - a scroll of identify {unknown}

Dungeon Overview and Level Annotations

Branches:
Dungeon (1/15)

Altars:


Message History

You kill the hobgoblin!
Your Axes skill increases to level 3!
You have reached level 2!
A hobgoblin comes into view.
A hobgoblin is nearby!
The hobgoblin shouts!
You hear an angry hiss. x3
A ball python comes into view.
You hit the hobgoblin.
You claw the hobgoblin, but do no damage.
The hobgoblin is almost dead.
A hobgoblin comes into view. It is wielding a +0 great mace.
The hobgoblin closely misses you.
224 ||| Stepping ~*~*~tactically~*~*~ (stealth).
The hobgoblin attacks as you move away! The hobgoblin barely misses you.
You closely miss the hobgoblin.
The hobgoblin shouts!
You claw the hobgoblin, but do no damage.
Your peck misses the hobgoblin.
The hobgoblin is almost dead.
You hear an angry hiss.
The hobgoblin barely misses you.
You closely miss the hobgoblin.
The hobgoblin is almost dead.
The hobgoblin misses you.
You slash the hobgoblin!
You kill the hobgoblin!
A ball python comes into view.
You hit the ball python. You claw the ball python.
You kill the ball python!
You hit the hobgoblin but do no damage. Your peck misses the hobgoblin.
The hobgoblin barely misses you.
You hit the hobgoblin. Your peck misses the hobgoblin.
The hobgoblin is lightly wounded.
The hobgoblin closely misses you.
You closely miss the hobgoblin.
The ball python hisses angrily.
Your peck misses the hobgoblin.
The hobgoblin is lightly wounded.
The hobgoblin hits you with a +0 great mace!!
Ouch! That really hurt!
You die...

.####.#########.#
................#
......###########
####### ############## #
.............######.##.#
############....@gS...#
......# #..######S.#
#####.######..# ..#
#.##......# #
#.##.####.# ##.##.# #.#
####...#.# #.#
.......#.####.#
.......#.##...#


You could see a hobgoblin and 2 ball pythons.

Vanquished Creatures
  A bat (D:1)
  A giant cockroach (D:1)
  3 hobgoblins (D:1)
  A ball python (D:1)
  2 goblins (D:1)
8 creatures vanquished.

Notes
Turn   | Place    | Note
-------+----------+-------------------------------------------
     0 | D:1      | qw the Tengu Warper began the quest for the Orb.
     0 | D:1      | Reached XP level 1. HP: 12/12 MP: 4/4
     0 | D:1      | 0 ||| qw: Version: 0.1-a-89-g26bdef1
     0 | D:1      | 0 ||| qw: Game counter: 2280
     0 | D:1      | 0 ||| qw: Always use a shield: true
     0 | D:1      | 0 ||| qw: God list: Okawaru
     0 | D:1      | 0 ||| qw: Allow faded altars: false
     0 | D:1      | 0 ||| qw: Do Orc after D:15 true
     0 | D:1      | 0 ||| qw: Do second Lair branch before Depths: true
     0 | D:1      | 0 ||| qw: Lair rune preference: random
     0 | D:1      | 0 ||| qw: Plans: Normal
     0 | D:1      | 0 ||| PLANNING D:1-11
   200 | D:1      | 200 ||| Stepping ~*~*~tactically~*~*~ (stealth).
   204 | D:1      | 204 ||| Stepping ~*~*~tactically~*~*~ (stealth).
   206 | D:1      | Reached skill level 3 in Axes
   206 | D:1      | Reached XP level 2. HP: 17/17 MP: 6/6
   224 | D:1      | 224 ||| Stepping ~*~*~tactically~*~*~ (stealth).
   231 | D:1      | Slain by a hobgoblin

Levels and vault maps discovered:
D:1:      pf_arrival_petrified_forest, layout_loops_ring, minmay_vboxes

Skill      XL: |  1 |
---------------+----+-----
Axes           | 3 |  3.1
Fighting       | |  2.0
Throwing       | |  1.0
Armour         | |  1.1
Dodging        | |  2.1
Spellcasting   | |  2.0
Translocations | |  2.4

Action                   || total
-------------------------++-------
Melee: Hand axe          ||    18
       Kick              ||     5
       Peck              ||     2
Throw: Boomerang         ||     7
Armor: Leather armour    ||     3
Dodge: Dodged            ||    10

Table legend:
 A = Non-vault XP
 B = Vault XP
 C = Vault XP percentage of total XP
 D = Non-vault monster count
 E = Vault monster count
 F = Vault count percentage of total count
                 A         B        C        D         E       F
            +---------+---------+-------+---------+---------+-------
      Total |      13 |       1 |   7.1 |       7 |       1 |  12.5
            +---------+---------+-------+---------+---------+-------
        D:1 |      13 |       1 |   7.1 |       7 |       1 |  12.5
            +---------+---------+-------+---------+---------+-------
